 Seeded DCSS version 0.29.1-2-gbd0b4ee654 (webtiles) character file.

Game seed: 20221101 (custom seed)

65 Nerdsrcool the Conjurer (level 3, -2/31 HPs)
             Began as a Troll Conjurer on Nov 1, 2022.
             Slain by an iguana (6 damage)
             ... on level 3 of the Dungeon.
             The game lasted 00:03:47 (1617 turns).

Nerdsrcool the Conjurer (Troll Conjurer)            Turns: 1617, Time: 00:03:48

Health: -2/31      AC:  4    Str: 15    XL:     3   Next: 94%
Magic:  1/4        EV:  9    Int: 16    God:
Gold:   85         SH:  0    Dex:  8    Spells: 4/5 levels left

rFire   . . .      SeeInvis .   p - +3 short sword
rCold   . . .      Faith    .   (no shield)
rNeg    . . .      Spirit   .   a - +0 robe
rPois   .          Reflect  .   (helmet restricted)
rElec   .          Harm     .   (no cloak)
rCorr   .          Rampage  .   (gloves unavailable)
Will    .....                   (boots unavailable)
Stlth   +.........              (no amulet)
HPRegen 0.90/turn               (no ring)
MPRegen 0.09/turn               (no ring)

@: no status effects
A: large, unfitting armour, claws 3, regeneration 1, shaggy fur 1, tough skin 1
a: no special abilities


You were on level 3 of the Dungeon.
You visited 1 branch of the dungeon, and saw 3 of its levels.

You collected 85 gold pieces.

Inventory:

Hand Weapons
 p - a +3 short sword (weapon)
Missiles
 g - 10 javelins
 m - 18 poisoned darts
 s - a throwing net
Armour
 a - a +0 robe (worn)
 q - a +1 robe of willpower
Magical Staves
 d - a staff of air
Scrolls
 e - 2 scrolls of teleportation {unknown}
 f - a scroll of identify {unknown}
 i - a scroll of fear {unknown}
 j - a scroll of amnesia {unknown}
 l - a scroll of torment {unknown}
 n - a scroll of enchant armour {unknown}
 r - a scroll of vulnerability {unknown}
Potions
 b - a potion of magic
 c - 2 potions of lignification {unknown}
 h - 3 potions of brilliance {unknown}
 k - a potion of experience {unknown}
 o - a potion of degeneration {unknown}


   Skills:
 + Level 2.2 Dodging
 + Level 1.4 Stealth
 + Level 1.7 Spellcasting
 + Level 3.3 Conjurations


You had 4 spell levels left.
You knew the following spells:

 Your Spells              Type           Power      Damage    Failure   Level
a - Magic Dart            Conj           44%        1d5       5%          1

Your spell library contained the following spells:

 Spells                   Type           Power      Damage    Failure   Level
 Searing Ray              Conj           22%        2d5       9%          2
 Dazzling Flash           Conj/Hex       12%        N/A       32%         3
 Ozocubu's Armour         Ice            1%         N/A       54%         3
 Fulminant Prism          Conj/Hex       3%         3d6       73%         4
 Iskenderun's Mystic Bla  Conj/Tloc      6%         2d4       73%         4
 Ozocubu's Refrigeration  Ice            0%         4d7       100%        7


Dungeon Overview and Level Annotations

Branches:
Dungeon (3/15)

Altars:


Innate Abilities, Weirdness & Mutations

You are too large for most types of armour.
You have claws for hands.
Your natural rate of healing is unusually fast.
You are covered in fur. (AC +1)
You have tough skin. (AC +1)


Message History

The orc is almost dead.
The magic dart hits the orc.
You kill the orc!
An iguana comes into view.
The magic dart hits the iguana.
The iguana is lightly wounded.
The iguana hisses angrily.
You hear a shout!
You are out of magic!
The iguana bites you.
You hit the iguana.
The iguana is lightly wounded.
The iguana bites you.
You hit the iguana but do no damage.
The iguana is lightly wounded.
The iguana barely misses you.
You hit the iguana but do no damage.
The iguana is lightly wounded.
The iguana bites you!
You barely miss the iguana.
The iguana is lightly wounded.
The iguana bites you!
You are too injured to fight recklessly!
You are too injured to fight recklessly!
You are too injured to fight recklessly!
You are too injured to fight recklessly!
You are too injured to fight recklessly!
You are too injured to fight recklessly!
You are too injured to fight recklessly!
You hit the iguana but do no damage.
The iguana is lightly wounded.
The iguana bites you!
* * * LOW HITPOINT WARNING * * *
The iguana barely misses you.
You closely miss the iguana.
The iguana is lightly wounded.
The iguana bites you but does no damage.
You hit the iguana.
The iguana is moderately wounded.
The iguana bites you.
You die...

### #.. #.#
#.# #l# #@#
#.# # #.#.#
#.#.# #...#
#.### #.#
##.##
##...#########


You could see an iguana.

Vanquished Creatures
  Jessica (D:3)
  An adder (D:2)
  An orc (D:3)
  4 ball pythons
  4 endoplasms
  A giant cockroach (D:3)
  3 goblins
  5 hobgoblins (D:1)
  A bat (D:3)
  2 frilled lizards
  5 kobolds
  2 rats
30 creatures vanquished.

Notes
Turn   | Place    | Note
-------+----------+-------------------------------------------
     0 | D:1      | Nerdsrcool the Troll Conjurer began the quest for the Orb.
     0 | D:1      | Reached XP level 1. HP: 16/16 MP: 1/1
    38 | D:1      | Reached skill level 3 in Conjurations
   167 | D:1      | Reached XP level 2. HP: 23/24 MP: 3/3
  1123 | D:2      | Reached XP level 3. HP: 31/31 MP: 0/4
  1182 | D:2      | You fall into a shaft and drop 1 floor!
  1375 | D:3      | Noticed Jessica
  1389 | D:3      | Killed Jessica
  1617 | D:3      | Slain by an iguana

Illustrated notes

Levels and vault maps discovered:
D:1:      psy_arrival_dodecagon, layout_basic
D:2:      layout_rooms, hellmonk_ecumenical_altar_watching_god, minivault_14
D:3:      layout_loops_ring, uniq_jessica

Skill      XL: |  1  2 |
---------------+-------+-----
Conjurations   | 3 |  3.3
Dodging        | 2 |  2.2
Stealth        | |  1.4
Spellcasting   | |  1.7

Action                   || total
-------------------------++-------
Melee: Unarmed           ||    41
       Short sword       ||    17
 Cast: Magic Dart        ||    40
Armor: Robe              ||    16
Dodge: Dodged            ||    38
